 Dungeon Crawl Stone Soup version 0.28-b1-25-g9875b3fc8c (webtiles) character file.

Game seed: 13504110321458608035

123 croobank the Conjurer (level 4, -4/34 HPs)
             Began as a Demigod Conjurer on Feb 2, 2022.
             Slain by Grinder (7 damage)
             ... on level 3 of the Dungeon.
             The game lasted 00:10:05 (3176 turns).

croobank the Conjurer (Demigod Conjurer)            Turns: 3176, Time: 00:10:06

Health: -4/34      AC:  7    Str:  8    XL:     4   Next: 52%
Magic:  10/10      EV: 10    Int: 24    God:
Gold:   106        SH:  0    Dex: 12    Spells: 1/7 levels left

rFire   . . .      SeeInvis .   f - +2 short sword (distort)
rCold   + . .      Faith    .   (no shield)
rNeg    . . .      Spirit   .   h - +2 ring mail {rC+}
rPois   .          Reflect  .   (no helmet)
rElec   .          Harm     .   (no cloak)
rCorr   .          Rampage  .   (no gloves)
Will    .....                   (no boots)
Stlth   +.........              (no amulet)
HPRegen 0.11/turn               (no ring)
MPRegen 0.12/turn               (no ring)

@: mighty, attractive
A: high MP 1, forlorn, divine attributes
a: no special abilities


You were on level 3 of the Dungeon.
You visited 1 branch of the dungeon, and saw 3 of its levels.

You collected 106 gold pieces.

Inventory:

Hand Weapons
 b - a +0 hunting sling
 f - a +2 short sword of distortion (weapon)
Missiles
 k - 27 sling bullets
 l - 65 stones
 n - 2 poisoned darts
 o - 37 arrows
Armour
 a - a +0 robe
 d - a +0 leather armour
 h - a +2 ring mail of cold resistance (worn)
Magical Staves
 q - a staff of air
Jewellery
 e - a +6 ring of intelligence
Scrolls
 c - a scroll of enchant armour
 i - a scroll of fog
 p - 3 scrolls of teleportation
Potions
 g - a potion of attraction
 m - 2 potions of berserk rage {unknown}


   Skills:
 + Level 0.5 Fighting
 + Level 1.5 Short Blades
 + Level 1.5 Armour
 + Level 2.0 Dodging
 + Level 2.0 Stealth
 + Level 0.5 Unarmed Combat
 * Level 2.2 Spellcasting
 * Level 4.2 Conjurations


You had one spell level left.
You knew the following spells:

 Your Spells              Type           Power      Damage    Failure   Level
a - Magic Dart            Conj           88%        1d7       6%          1
b - Searing Ray           Conj           44%        2d6       10%         2
c - Dazzling Flash        Conj/Hex       24%        N/A       41%         3

Your spell library contained the following spells:

 Spells                   Type           Power      Damage    Failure   Level
 Animate Skeleton         Necr           4%         N/A       34%         1
 Pain                     Necr           8%         1d4       34%         1
 Vampiric Draining        Necr           2%         2d6       71%         3
 Fulminant Prism          Conj/Hex       6%         3d7       83%         4
 Iskenderun's Mystic Bla  Conj/Tloc      12%        2d5       83%         4


Dungeon Overview and Level Annotations

Branches:
Dungeon (3/15)

Annotations:
D:3 Grinder


Innate Abilities, Weirdness & Mutations

You have an increased reservoir of magic. (+10% MP)
You shall have no god before yourself.
Your divine heritage dramatically boosts your attributes as you level up.


Message History

Grinder hits you but does no damage.
The hobgoblin hits you but does no damage.
You can move again.
You hit Grinder but do no damage.
Grinder is moderately wounded.
Grinder blinks!
The hobgoblin barely misses you. Grinder is attracted toward you.
Grinder hits you but does no damage.
You closely miss Grinder.
Grinder is moderately wounded.
Grinder blinks!
The hobgoblin hits you. Grinder is attracted toward you. Grinder hits you.
You writhe in agony.
You closely miss Grinder.
Grinder is moderately wounded.
Grinder hits you but does no damage. The hobgoblin barely misses you.
You hit Grinder.
Grinder is heavily wounded.
Grinder blinks!
The hobgoblin hits you but does no damage.
Grinder is attracted toward you.
You hit Grinder but do no damage.
Space warps around Grinder.
Grinder is heavily wounded.
Grinder hits you.
You writhe in agony.
The hobgoblin hits you but does no damage.
You hit Grinder.
Grinder is severely wounded.
Grinder hits you.
You writhe in agony.
* * * LOW HITPOINT WARNING * * *
The hobgoblin closely misses you.
You completely miss Grinder.
Grinder is severely wounded.
Grinder hits you.
* * * LOW HITPOINT WARNING * * *
You writhe in agony.
* * * LOW HITPOINT WARNING * * *
The hobgoblin barely misses you.
It was a potion of might.
You feel very mighty all of a sudden. Grinder hits you!
You die...

#.### ##'## ### #.# ##...## #..
#.# ##.....## #.# #.####
##.......## ##.## #.##.##
##.........####.>.#########.#.<.#
.'.........'.....................
#.........# #.5.# #######.#...#
#.......# ###@####### #.#....#
##.....## #..g......# ##.###.#
##...## #.#.#####.# ### #.# ##'##
#.#...# #.# #.# # ###.# #.# #.#
#.# #.# ##.## #.###.###.# #.#
###...## #.........# #..
#......#########.##### ###


You could see Grinder and a hobgoblin.

Vanquished Creatures
  A jelly (D:2)
  An adder (D:3)
  A shadow imp (D:3)
  2 worms (D:2)
  An orc (D:3)
  2 bats (D:2)
  An endoplasm (D:1)
  4 giant cockroaches
  3 goblins
  14 hobgoblins
  2 jackals (D:1)
  4 kobolds
  3 quokkas
  2 ball pythons (D:2)
  3 frilled lizards
  9 rats
  A spectral kobold (D:1)
54 creatures vanquished.

Notes
Turn   | Place    | Note
-------+----------+-------------------------------------------
     0 | D:1      | croobank the Demigod Conjurer began the quest for the Orb.
     0 | D:1      | Reached XP level 1. HP: 14/14 MP: 5/5
   487 | D:1      | Reached XP level 2. HP: 9/20 MP: 1/7
   670 | D:1      | Learned a level 2 spell: Searing Ray
   930 | D:1      | You fall into a shaft and drop 1 floor!
   994 | D:2      | Reached skill level 1 in Short Blades
   994 | D:2      | Reached skill level 1 in Armour
   994 | D:2      | Reached skill level 4 in Conjurations
   994 | D:2      | Reached XP level 3. HP: 26/26 MP: 2/8
  1656 | D:1      | Reached XP level 4. HP: 33/33 MP: 9/9
  3091 | D:3      | Learned a level 3 spell: Dazzling Flash
  3156 | D:3      | Noticed Grinder
  3164 | D:3      | Paralysed by Grinder for 3 turns
  3176 | D:3      | Slain by Grinder

Illustrated notes

Levels and vault maps discovered:
D:1:      minmay_arrival_semitransparent, layout_loops_ring, serial_forest,
          infiniplex_forest_corner_1, infiniplex_forest_lined_1,
          infiniplex_forest_straight_4, infiniplex_forest_clump_curved,
          infiniplex_forest_fountain, infiniplex_forest_lined_room_,
          dreamdust_ecumenical_altar_drowned_temple, fountainhead
D:2:      layout_basic, basic_altar
D:3:      layout_loops_corners, uniq_grinder

Skill      XL: |  1  2 |
---------------+-------+-----
Short Blades   | 1 |  1.5
Armour         | 1 |  1.5
Dodging        | 2 |  2.0
Stealth        | 2 |  2.0
Spellcasting   | 2 |  2.2
Conjurations   | 4 |  4.2
Fighting       | |  0.5
Unarmed Combat | |  0.5

Action                   |  1- 3 |  4- 6 || total
-------------------------+-------+-------++-------
Melee: Unarmed           |    35 |       ||    35
       Short sword       |    58 |    73 ||   131
 Cast: Magic Dart        |    24 |       ||    24
  Use: Scroll            |       |     5 ||     5
       Potion            |       |     2 ||     2
 Stab: Sleeping          |       |     1 ||     1
Armor: Ring mail         |    30 |    36 ||    66
Dodge: Dodged            |    51 |    40 ||    91
